 Dungeon Crawl Stone Soup version 0.17.0-1-g61d176b (webtiles) character file.

21 kosy22 the Caller (level 2, -1/11 HPs)
             Began as a Felid Summoner on Nov 7, 2015.
             Slain by a worm (12 damage)
             ... on level 2 of the Dungeon.
             The game lasted 00:05:15 (1217 turns).

kosy22 the Caller (Felid Summoner)                  Turns: 1217, Time: 00:05:16

Health: -1/11      AC:  1    Str:  4    XL:     2   Next: 65%
Magic:  0/6        EV: 18    Int: 16    God:
Gold:   39         SH:  0    Dex: 16    Spells: 2 memorised, 2 levels left
                                        Lives:  0   Deaths: 0

rFire  . . .     SeeInvis +     (weapon unavailable)
rCold  . . .     Clarity  .     (armour unavailable)
rNeg   . . .     SustAt   .     (shield unavailable)
rPois  .         Gourm    .     (helmet unavailable)
rElec  .         Spirit   .     (cloak unavailable)
rCorr  .         Warding  .     (gloves unavailable)
rMut   .         Stasis   .     (boots unavailable)
MR     .....                    (no amulet)
Stlth  +++.......               (no ring)
                                (no ring)

@: quick, not resistant to hostile enchantments, fairly stealthy
A: no armour, no weapons or thrown items, claws 1, fangs 3, see invisible,
carnivore 3, speed 1, shaggy fur 1, slow metabolism 1, sharp paws
a: no special abilities


You were on level 2 of the Dungeon.
You were not hungry.

You visited 1 branch of the dungeon, and saw 2 of its levels.

You collected 39 gold pieces.

Inventory:

Scrolls
 e - a scroll of amnesia {unknown}
 g - a scroll of fog {unknown}
 i - a scroll of identify {unknown}
Potions
 c - a potion of agility {unknown}
 d - a potion of flight {unknown}
 f - a potion of brilliance {unknown}
 h - 2 potions of curing {unknown}
Books
 a - a book of Callings

   Spells                             Type                      Level
   a - Summon Small Mammal            Summoning                    1
   b - Call Imp                       Summoning                    2
   c - Call Canine Familiar           Summoning                    3
   d - Summon Guardian Golem          Hexes/Summoning              3
   e - Summon Lightning Spire         Summoning/Air                4
   f - Summon Ice Beast               Ice/Summoning                4
Comestibles
 b - a meat ration


   Skills:
 + Level 3.1 Dodging
 + Level 3.0 Stealth
 + Level 2.3 Spellcasting
 + Level 4.2 Summonings


You had 2 spell levels left.
You knew the following spells:

 Your Spells              Type           Power        Failure   Level  Hunger
a - Summon Small Mammal   Summ           ###.         4%          1    #......
b - Call Imp              Summ           ###.....     8%          2    ###....


Dungeon Overview and Level Annotations

Branches:
Dungeon (2/15)

Altars:
Gozag

Annotations:
D:2 Sigmund


Innate Abilities, Weirdness & Mutations

You cannot wear armour.
You are incapable of wielding weapons or throwing items.
You have sharp claws.
You have razor-sharp teeth.
You have supernaturally acute eyesight.
You are carnivorous and can eat meat at any time.
You cover ground quickly.
You are covered in fur (AC +1).
You have a slow metabolism.
Your sharp claws are effective at attacking unaware monsters.


Message History

Found 2 gold pieces.
Found an opulent altar of Gozag.
Found a gold piece.
You see here a gold piece.
A rat and Sigmund come into view.
Casting: Call Imp
Confirm with . or Enter, or press ? or * to list all spells.
A metallic apparition takes form in the air.
Casting: Call Imp
Confirm with . or Enter, or press ? or * to list all spells.
A beastly little devil appears in a puff of flame.
Casting: Call Imp
Confirm with . or Enter, or press ? or * to list all spells.
A beastly little devil appears in a puff of flame.
Your iron imp hits the worm.
Sigmund shouts!
Sigmund gestures wildly while chanting.
Sigmund flickers and vanishes for a moment.
The worm bites you!
Ouch! That really hurt!
You die...

####### ....... #
##....... ##.
##........
.....#..$....
.....#5.w5#####
....r..@5....@.
##.#.##...####..
# #.#.#..$....$..
#.##.#.#....####.
#......#..$.#
#....##.##
###.##.$.# .#
#.##$.$# .#
######.##8_8#..#


You could see Sigmund (invisible), a worm, a rat, a friendly iron imp and 2
friendly crimson imps.

Vanquished Creatures
  2 bats (D:1)
  A kobold (D:1)
3 creatures vanquished.

Vanquished Creatures (collateral kills)
  4 goblins
  4 hobgoblins (D:1)
  2 kobolds (D:1)
  6 bats (D:1)
  2 giant newts (D:1)
  8 rats (D:1)
26 creatures vanquished.

Grand Total: 29 creatures vanquished

Notes
Turn   | Place    | Note
--------------------------------------------------------------
     0 | D:1      | kosy22 the Felid Summoner began the quest for the Orb.
     0 | D:1      | Reached XP level 1. HP: 7/7 MP: 4/4
   494 | D:1      | Reached XP level 2. HP: 11/11 MP: 0/6
   559 | D:1      | Learned a level 2 spell: Call Imp
  1206 | D:2      | Found an opulent altar of Gozag.
  1211 | D:2      | Noticed Sigmund
  1217 | D:2      | Slain by a worm

Action                   || total
-------------------------++-------
Melee: Unarmed           ||    21
 Cast: Summon Small Mamm ||    29
       Call Imp          ||    20
  Eat: Chunk             ||     3
